 Dungeon Crawl Stone Soup version 0.30-b1-2-g02819fbbbe (webtiles) character file.

Game seed: 921690511361925039

744 Dirian the Chopper (level 7, -9/61 HPs)
             Began as a Minotaur Fighter on May 20, 2023.
             Mangled by an ogre
             ... wielding a +0 giant spiked club
              (22 damage)
             ... on level 5 of the Dungeon.
             The game lasted 00:04:03 (2842 turns).

Dirian the Chopper (Minotaur Fighter)               Turns: 2842, Time: 00:04:03

Health: -9/61      AC:  9    Str: 22    XL:     7   Next: 47%
Magic:  6/6        EV:  9    Int:  5    God:
Gold:   174        SH:  4    Dex: 10    Spells: 6/6 levels left

rFire   + . .        a - +0 war axe
rCold   . . .        c - +0 buckler
rNeg    . . .        b - +0 scale mail
rPois   .            (helmet restricted)
rElec   .            r - +0 cloak
rCorr   .            (no gloves)
SInv    .            q - +0 pair of boots
Will    .....        (no amulet) Stlth
                     j - ring of protection from fire
HPRegen 0.30/turn    (no ring)
MPRegen 0.10/turn

%: no passive effects
@: no status effects
A: horns 2, retaliatory headbutt
a: no special abilities


You were on level 5 of the Dungeon.
You visited 1 branch of the dungeon, and saw 5 of its levels.
You also visited: Ossuary.

You collected 174 gold pieces.

Inventory:

Hand Weapons
 a - a +0 war axe (weapon)
Missiles
 l - a throwing net (quivered)
Armour
 b - a +0 scale mail (worn)
 c - a +0 buckler (worn)
 q - a +0 pair of boots (worn)
 r - a +0 cloak (worn)
Jewellery
 j - a ring of protection from fire (left hand)
Wands
 m - a wand of roots (9)
 v - a wand of digging (9)
Scrolls
 e - a scroll of magic mapping {unknown}
 g - 2 scrolls of fog
 o - a scroll of fear
Potions
 d - 4 potions of might
 f - 2 potions of heal wounds {unknown}
 h - 2 potions of flight {unknown}
 i - a potion of curing {unknown}
 k - a potion of cancellation {unknown}
 u - 2 potions of magic {unknown}


   Skills:
 + Level 5.6 Fighting
 + Level 7.7 Axes
 + Level 5.4 Armour
 + Level 4.8 Shields


You had 6 spell levels left.
You didn't know any spells.
Your spell library contained the following spells:

 Spells                   Type           Power      Damage    Failure   Level
 Frozen Ramparts          Ice            0%         1d1       99%         3
 Portal Projectile        Hex/Tloc       0%         N/A       99%         3
 Tukima's Dance           Hex            0%         N/A       99%         3
 Ice Form                 Ice/Tmut       0%         N/A       100%        4
 Summon Ice Beast         Ice/Summ       0%         N/A       100%        4
 Blade Hands              Tmut           0%         N/A       100%        5


Dungeon Overview and Level Annotations

Branches:
Dungeon (5/15) Zot: 26851 Ossuary (visited)
 Temple: D:4-7

Altars:
Dithmenos
Wu Jian
The Shining One


Innate Abilities, Weirdness & Mutations

You have a pair of horns on your head.
You reflexively headbutt those who attack you in melee.


Message History

No target in view!
No target in view!
m - a wand of roots (9)
An ogre comes into view. It is wielding a +0 giant spiked club.
The ogre shouts!
An ogre is nearby!
An ogre is nearby!
A hound comes into view.
The hound barks!
The ogre hits you with a +0 giant spiked club!
The hound moves out of view.
You hit the ogre.
The ogre is lightly wounded.
You barely miss the ogre.
The ogre is lightly wounded.
The ogre hits you with a +0 giant spiked club!
You are too injured to fight recklessly!
You are too injured to fight recklessly!
You are too injured to fight recklessly!
You are too injured to fight recklessly!
You are too injured to fight recklessly!
You are too injured to fight recklessly!
You are too injured to fight recklessly!
You are too injured to fight recklessly!
You are too injured to fight recklessly!
You are too injured to fight recklessly!
You are too injured to fight recklessly!
You are too injured to fight recklessly!
You are too injured to fight recklessly!
You hit the ogre.
The ogre is lightly wounded.
The ogre hits you with a +0 giant spiked club!!
* * * LOW HITPOINT WARNING * * *
The hound completely misses you.
You slash the ogre!
The ogre is heavily wounded.
You slash the hound! The hound bites you.
* * * LOW HITPOINT WARNING * * *
The ogre hits you with a +0 giant spiked club!!
You die...

............#.. ..
#..)#.......#..#.. ....
##.. #.......#.....
..#.##... #...##..#.....
.....#... .....#........
.....!.###>............
#....................
#..h.........##......
##.O@.......#.....#..
.............#.#.....#..
#..#.............#..##..
. #####.>†......######.
##..........### ##
...............#
#.............##
#.....##†....##
##............#


You could see an ogre and a hound.

Vanquished Creatures
  3 elf zombies (Ossuary)
  2 scorpions (D:5)
  2 centaur zombies (Ossuary)
  A human zombie (Ossuary)
  2 hounds (D:4)
  2 iguanas
  2 mummies (Ossuary)
  8 adders
  3 gnolls (D:3)
  2 worms (D:2)
  A dart slug (D:2)
  An orc (D:2)
  6 ball pythons
  5 endoplasms
  4 giant cockroaches
  7 goblins
  4 hobgoblins
  3 jackals (D:1)
  4 quokkas
  3 bats
  3 frilled lizards
  2 goblin zombies (Ossuary)
  11 hobgoblin zombies (Ossuary)
  A jackal zombie (Ossuary)
  4 kobolds
  9 kobold zombies (Ossuary)
  7 orc zombies (Ossuary)
  9 rats
  A rat zombie (Ossuary)
112 creatures vanquished.

Notes
Turn   | Place    | Note
-------+----------+-------------------------------------------
     0 | D:1      | Dirian the Minotaur Fighter began the quest for the Orb.
     0 | D:1      | Reached XP level 1. HP: 19/19 MP: 0/0
   149 | D:1      | Reached XP level 2. HP: 27/27 MP: 1/1
   426 | D:2      | Reached skill level 3 in Axes
   426 | D:2      | Reached XP level 3. HP: 33/33 MP: 2/2
   602 | D:2      | Reached XP level 4. HP: 40/40 MP: 3/3
   753 | D:2      | Reached skill level 4 in Axes
   777 | D:2      | Found a faded altar of an unknown god.
  1718 | D:4      | Found a glowing golden altar of the Shining One.
  1721 | D:4      | Reached XP level 5. HP: 41/47 MP: 4/4
  1729 | D:4      | Reached skill level 5 in Axes
  1875 | D:4      | Found a sand-covered staircase.
  1883 | Ossuary  | Entered an ossuary
  1979 | Ossuary  | Reached XP level 6. HP: 54/55 MP: 5/5
  2017 | Ossuary  | Reached skill level 5 in Armour
  2023 | Ossuary  | Reached skill level 5 in Fighting
  2036 | Ossuary  | Reached skill level 6 in Axes
  2055 | Ossuary  | Reached skill level 7 in Axes
  2055 | Ossuary  | Reached XP level 7. HP: 15/61 MP: 6/6
  2329 | D:4      | Found a shadowy altar of Dithmenos.
  2697 | D:5      | Entered Level 5 of the Dungeon
  2723 | D:5      | Found an ornate altar of the Wu Jian Council.
  2842 | D:5      | Mangled by an ogre

Illustrated notes

Levels and vault maps discovered:
D:1:      dpeg_arrival_rooms_c, layout_rooms
D:2:      layout_rooms, shapermc_ecumenical_altar_pompeii, st_stairs_6
D:3:      layout_loops_cross
D:4:      layout_basic, nicolae_overflow_crystal_walls,
          mainiacjoe_overflow_catwalk, nicolae_ossuary_entry_plus
D:5:      layout_cave_pools, mainiacjoe_overflow_boulevard,
          lemuel_coloured_pillars_altar

Skill      XL: |  1  2  3  4  5  6 |
---------------+-------------------+-----
Shields        | 4 |  4.8
Armour         | 4 5 |  5.4
Fighting       | 4 5 |  5.6
Axes           | 3 4 5 7 |  7.7

Action                     |  1- 3 |  4- 6 |  7- 9 || total
---------------------------+-------+-------+-------++-------
  Melee: War axe           |    69 |   136 |    28 ||   233
         Headbutt          |     8 |    32 |     6 ||    46
    Use: Scroll            |       |       |     7 ||     7
 Armour: Scale mail        |    33 |    78 |    11 ||   122
  Dodge: Dodged            |    30 |    59 |    10 ||    99
  Block: Buckler           |    20 |    36 |     2 ||    58
